 Dungeon Crawl Stone Soup version 0.32-a0-968-g61e5eb5241 (webtiles) character file.

Game seed: 4766365224028221801

23573 Revguard the Blocker (level 12, -8/93 HPs)
             Began as a Demonspawn Fighter on Apr 18, 2024.
             Was a Priest of Qazlal.
             Mangled by a freezing wraith (21 damage)
             ... on level 11 of the Dungeon.
             The game lasted 00:31:13 (12459 turns).

Revguard the Blocker (Demonspawn Fighter)          Turns: 12459, Time: 00:31:14

Health: -8/93      AC: 32    Str: 22    XL:     12   Next: 73%
Magic:  19/19      EV:  7    Int:  9    God:    Qazlal [***...]
Gold:   1134       SH: 15    Dex: 12    Spells: 11/11 levels left

rFire   + . .        y - +3 war axe (venom)
rCold   . . .        d - +0 kite shield
rNeg    . . .        k - +0 plate armour
rPois   .            g - +1 helmet
rElec   .            G - +1 cloak
rCorr   .            c - +0 pair of gloves
SInv    .            s - +4 pair of boots of Gautur {Will+}
Will    +....        (no amulet) Stlth
                     q - ring of flight
HPRegen 0.35/turn    f - +4 ring of protection
MPRegen 0.16/turn

%: no passive effects
@: mighty, flying, slowed, very slow
A: claws 2, molten scales 3, powered by death 2
a: Renounce Religion, Upheaval, Elemental Force


You were on level 11 of the Dungeon.
You worshipped Qazlal.
Qazlal was most pleased with you.
You visited 1 branch of the dungeon, and saw 11 of its levels.

You collected 1134 gold pieces.

Inventory:

Hand Weapons
 a - a +0 war axe
 j - a +1 whip of venom
 y - a +3 war axe of venom (weapon)
 O - a +0 morningstar of protection
Missiles
 R - a throwing net (quivered)
Armour
 c - a +0 pair of gloves (worn)
 d - a +0 kite shield (worn)
 g - a +1 helmet (worn)
 k - a +0 plate armour (worn)
 m - a +0 helmet
 r - a +0 scale mail of fire resistance
 s - the +4 pair of boots of Gautur (worn) {Will+}
   (You found it on level 3 of the Dungeon)

   Will+:     It increases your willpower.
 G - a +1 cloak (worn)
Jewellery
 f - a +4 ring of protection (right hand)
 q - a ring of flight (left hand)
 w - a ring of resist corrosion
 I - a ring of fire
 L - a +6 ring of strength
 P - an amulet of faith
Wands
 E - a wand of digging (2)
 H - a wand of flame (10)
Scrolls
 e - a scroll of fog
 h - 3 scrolls of poison
 n - a scroll of brand weapon {unknown}
 p - 6 scrolls of vulnerability
 v - 2 scrolls of silence
 x - 2 scrolls of enchant weapon
 A - 2 scrolls of blinking {unknown}
 D - a scroll of enchant armour
 F - a scroll of teleportation
 J - a scroll of revelation
 K - 4 scrolls of identify
 M - a scroll of noise {unknown}
 T - a scroll of butterflies {unknown}
Potions
 b - 2 potions of magic
 i - 2 potions of mutation {unknown}
 o - a potion of degeneration {unknown}
 t - 3 potions of enlightenment {unknown}
 u - 3 potions of heal wounds {unknown}
 z - 2 potions of brilliance {unknown}
 B - a potion of resistance {unknown}
 C - 3 potions of invisibility {unknown}
 N - a potion of might
 S - a potion of cancellation {unknown}


   Skills:
 + Level 8.2 Fighting
 * Level 9.7 Axes
 + Level 7.1 Armour
 + Level 6.4 Dodging
 * Level 9.9 Shields
 + Level 9.4 Invocations
 + Level 7.1 Evocations


You had 11 spell levels left.
You didn't know any spells.
Your spell library contained the following spells:

 Spells                   Type           Power      Damage    Failure   Level
 Shock                    Conj/Air       0%         1d3       100%        1
 Mercury Vapours          Alch/Air       0%         N/A       100%        2
 Mephitic Cloud           Conj/Alch/Air  0%         N/A       100%        3
 Swiftness                Air            0%         N/A       100%        3
 Airstrike                Air            0%         2d(0-16)  100%        4
 Passage of Golubria      Tloc           0%         N/A       100%        4
 Freezing Cloud           Conj/Ice/Air   0%         6-21      100%        5
 Silence                  Hex/Air        0%         N/A       100%        5
 Lehudib's Crystal Spear  Conj/Erth      0%         10d2      100%        8


Dungeon Overview and Level Annotations

Branches:
Dungeon (11/15)            Temple (0/1) D:7            Lair (0/5) D:10
    Orc (0/2) D:11

Altars:
Cheibriados
Dithmenos
Fedhas
Gozag
Kikubaaqudgha
Okawaru
Qazlal
Ru
Sif Muna
Trog
Uskayaw
Vehumet
Wu Jian
Xom
Beogh

Annotations:
D:11 waddelsworth's ghost, journeyman TrSh


Innate Abilities, Weirdness & Mutations

You have very sharp fingernails.
You are completely covered in molten scales. (AC +4, rF+)
You regenerate health from kills.


Message History

The shadow slips into darkness.
The shadow flickers and vanishes!
Deactivating autopickup; reactivate with Ctrl-A.
You block the freezing wraith's attack. x2; Waddelsworth's ghost hits you!!
You closely miss the freezing wraith.
The freezing wraith is severely damaged.
You slash something! Qazlal accepts your kill.
Reactivating autopickup.
You feel a bit more experienced.
You slash waddelsworth's ghost! You block the freezing wraith's attack.
The freezing wraith hits you. The freezing wraith drains your vigour!
You feel yourself slow down.
You block waddelsworth's ghost's attack.
You slice waddelsworth's ghost!!
Waddelsworth's ghost is heavily damaged.
You barely miss the freezing wraith.
You block the freezing wraith's attack. x2
Waddelsworth's ghost hits you. The freezing wraith hits you.
The freezing wraith freezes you! The freezing wraith barely misses you.
Waddelsworth's ghost hits you.
Unknown command.
You barely miss waddelsworth's ghost.
Waddelsworth's ghost is heavily damaged.
You hit the freezing wraith. The freezing wraith barely misses you.
You block the freezing wraith's attack. Waddelsworth's ghost hits you.
* * * LOW HITPOINT WARNING * * *
The freezing wraith hits you but does no damage.
You block the freezing wraith's attack.
You block waddelsworth's ghost's attack.
You feel better. The freezing wraith hits you!
* * * LOW HITPOINT WARNING * * *
The freezing wraith freezes you!!
* * * LOW HITPOINT WARNING * * *
The freezing wraith hits you but does no damage.
You block waddelsworth's ghost's attack.
You feel better.
You block the freezing wraith's attack. x2
You block waddelsworth's ghost's attack.
The freezing wraith hits you.
* * * LOW HITPOINT WARNING * * *
The freezing wraith freezes you!!
You die...

...................####..#..##...
...................#..#..#.##..(.
...................#..#....#.....
.......#############..#..#.#....#
.......#..............#..#.÷...##
.......#..............#..#...###.
.......#.................##......
.......#.................########
.......#.....###@☼'###...#.).#.#.
.......'..####.W§W...###.#...##..
####...#..# ##.....##...#[......
...#...#..# #.......#...###.....
...'...#..# ##.$[?.##...#....⌠..
...#...#..# #..ß.ß..#...###.....
...#...#..# #########...#%......
...#...#..##########'###.#...##..
...#...#.................#[..#.#.


You could see a freezing wraith and waddelsworth's ghost.

Vanquished Creatures
  A fire dragon (D:11)
  Josephine (D:10)
  An ice dragon (D:11)
  Erolcha (D:10)
  Erica (D:8)
  A centaur warrior (D:11)
  3 two-headed ogres
  A boulder beetle (D:11)
  Sonja (D:10)
  The ghost of Stonecrops the Trooper, a novice GrGl of Gozag (D:7)
  Pikel (D:7)
  An oklob plant (D:7)
  3 cyclopes (D:11)
  2 ugly things (D:11)
  Maurice (D:7)
  An unseen horror (D:7)
  Psyche (D:10)
  A troll (D:10)
  4 hornets
  Grinder (D:6)
  7 slime creatures
  6 wraiths
  3 shadows
  2 wyverns (D:9)
  Eustachio (D:4)
  16 yaks
  3 steam dragons
  6 vampire mosquitoes
  An acid dragon (D:11)
  Duvessa (D:5)
  2 water moccasins
  5 orc warriors
  3 black bears
  2 ogres
  2 centaurs (D:11)
  3 wolves (D:10)
  2 lemures (D:7)
  2 kobold brigands
  A gnoll sergeant (D:6)
  3 bullfrogs
  3 scorpions
  23 wights
  Dowan (D:5)
  2 electric eels (D:10)
  2 howler monkeys
  10 hounds
  6 bombardier beetles
  A gnoll bouda (D:9)
  12 orc priests
  Crazy Yiuf (D:3)
  Jessica (D:3)
  2 iguanas
  Terence (D:2)
  Natasha (thrice) (D:2)
  15 orc wizards
  8 gnolls
  12 adders
  3 shadow imps
  3 white imps
  2 ufetubi (D:7)
  3 dart slugs
  44 orcs
  17 ball pythons
  5 bats
  7 endoplasms
  A giant cockroach (D:1)
  10 hobgoblins
  11 jackals
  16 kobolds
  A quokka (D:4)
  5 frilled lizards
  3 goblins
  5 rats
338 creatures vanquished.

Notes
Turn   | Place    | Note
-------+----------+-------------------------------------------
     0 | D:1      | Revguard the Demonspawn Fighter began the quest for the
                  | Orb.
     0 | D:1      | Reached XP level 1. HP: 18/18 MP: 1/1
   253 | D:1      | Gained mutation: You are partially covered in molten
                  | scales. (AC +2) [demonic ancestry]
   253 | D:1      | Reached XP level 2. HP: 24/24 MP: 2/2
   325 | D:1      | Found a faded altar of an unknown god.
   964 | D:2      | Noticed Natasha
   970 | D:2      | Killed Natasha
   971 | D:2      | Reached skill level 1 in Invocations
   971 | D:2      | Reached XP level 3. HP: 29/29 MP: 3/3
  1185 | D:2      | Reached skill level 1 in Evocations
  1185 | D:2      | Reached XP level 4. HP: 27/35 MP: 4/4
  1233 | D:2      | Noticed Natasha
  1241 | D:2      | Killed Natasha
  1242 | D:2      | Reached skill level 1 in Dodging
  1437 | D:2      | Noticed Terence
  1437 | D:2      | Noticed Natasha
  1449 | D:2      | Killed Terence
  1450 | D:2      | Gained mutation: You have sharp fingernails. [demonic
                  | ancestry]
  1450 | D:2      | Reached XP level 5. HP: 19/41 MP: 6/6
  1450 | D:2      | Killed Natasha
  1897 | D:3      | Noticed Jessica
  1913 | D:3      | Killed Jessica
  1977 | D:3      | Identified the +4 pair of boots of Gautur {Will+}
  2199 | D:3      | Gained mutation: You have very sharp fingernails. [demonic
                  | ancestry]
  2199 | D:3      | Reached XP level 6. HP: 45/48 MP: 7/7
  2408 | D:3      | Found a runed translucent door.
  2409 | D:3      | Noticed Crazy Yiuf
  2421 | D:3      | Killed Crazy Yiuf
  3455 | D:4      | Noticed Eustachio
  3482 | D:4      | Killed Eustachio
  3483 | D:4      | Reached XP level 7. HP: 28/54 MP: 9/9
  4100 | D:5      | Entered Level 5 of the Dungeon
  4145 | D:5      | Noticed Duvessa
  4147 | D:5      | Noticed Dowan
  4243 | D:5      | Killed Dowan
  4255 | D:5      | Killed Duvessa
  4256 | D:5      | Gained mutation: You regenerate a little health from kills.
                  | [demonic ancestry]
  4256 | D:5      | Reached XP level 8. HP: 17/61 MP: 10/10
  4768 | D:5      | Found a hide-covered altar of Uskayaw.
  4903 | D:6      | Reached skill level 5 in Shields
  4944 | D:6      | Found an iron altar of Okawaru.
  4983 | D:6      | Noticed Grinder
  5014 | D:6      | Killed Grinder
  5015 | D:6      | Reached skill level 5 in Axes
  5191 | D:6      | Found an ancient bone altar of Kikubaaqudgha.
  5193 | D:6      | Found a blossoming altar of Fedhas.
  5678 | D:6      | Reached skill level 5 in Fighting
  5678 | D:6      | Reached XP level 9. HP: 68/68 MP: 12/12
  5700 | D:6      | Reached skill level 5 in Invocations
  5832 | D:7      | Paralysed by a hornet for 1 turns
  5952 | D:7      | Noticed Maurice
  5963 | D:7      | Something stole a +0 war axe
  5967 | D:7      | Something stole 240 gold
  5969 | D:7      | Killed Maurice
  6079 | D:7      | Noticed Pikel
  6103 | D:7      | Killed Pikel
  6182 | D:7      | Reached skill level 5 in Armour
  6285 | D:7      | Found an opulent altar of Gozag.
  6285 | D:7      | Found a stormy altar of Qazlal.
  6285 | D:7      | Found a snail-covered altar of Cheibriados.
  6285 | D:7      | Found a shadowy altar of Dithmenos.
  6332 | D:7      | Became a worshipper of Qazlal Stormbringer
  6342 | D:7      | Found an ornate altar of the Wu Jian Council.
  6342 | D:7      | Found a shimmering altar of Xom.
  6416 | D:7      | Noticed an oklob plant
  6421 | D:7      | Found a transporter.
  6434 | D:7      | Noticed Stonecrops's ghost (novice GrGl)
  6464 | D:7      | Found a transporter.
  6579 | D:7      | Found a staircase to the Ecumenical Temple.
  6883 | D:8      | Gained mutation: You are mostly covered in molten scales.
                  | (AC +3) [demonic ancestry]
  6883 | D:8      | Reached XP level 10. HP: 67/76 MP: 14/14
  7210 | D:8      | Found a radiant altar of Vehumet.
  7238 | D:8      | Noticed a two-headed ogre
  7261 | D:8      | Killed a two-headed ogre
  7452 | D:8      | Noticed Erica
  7463 | D:8      | Killed Erica
  7463 | D:8      | Reached * piety under Qazlal
  7765 | D:8      | Reached skill level 5 in Evocations
  8633 | D:9      | Gained mutation: You are completely covered in molten
                  | scales. (AC +4, rF+) [demonic ancestry]
  8633 | D:9      | Reached XP level 11. HP: 81/83 MP: 16/16
  8666 | D:9      | Reached skill level 5 in Dodging
  8733 | D:9      | Reached ** piety under Qazlal
  9201 | D:10     | Entered Level 10 of the Dungeon
  9326 | D:10     | Noticed Psyche
  9352 | D:10     | Killed Psyche
  9521 | D:10     | Noticed Erolcha
  9529 | D:10     | Killed Erolcha
  9787 | D:10     | Found a staircase to the Lair.
  9829 | D:10     | Noticed Josephine
 10019 | D:10     | Found a bloodstained altar of Trog.
 10021 | D:10     | Found a shimmering blue altar of Sif Muna.
 10027 | D:10     | Found a sacrificial altar of Ru.
 10059 | D:10     | Noticed Sonja
 10064 | D:10     | Killed Sonja
 10292 | D:10     | Noticed a two-headed ogre
 10302 | D:10     | Killed a two-headed ogre
 10424 | D:10     | Killed Josephine
 10424 | D:10     | Reached *** piety under Qazlal
 10780 | D:9      | Gained mutation: You regenerate health from kills. [demonic
                  | ancestry]
 10780 | D:9      | Reached XP level 12. HP: 73/91 MP: 18/18
 10853 | D:11     | Noticed an ice dragon
 10866 | D:11     | Killed an ice dragon
 11074 | D:11     | Noticed a boulder beetle
 11087 | D:11     | Killed a boulder beetle
 11102 | D:11     | Noticed a fire dragon
 11102 | D:11     | Noticed a two-headed ogre
 11108 | D:11     | Killed a two-headed ogre
 11120 | D:11     | Killed a fire dragon
 11147 | D:11     | Noticed a centaur warrior
 11155 | D:11     | Killed a centaur warrior
 11391 | D:11     | Identified the blade talisman of Tenacity {rElec rCorr
                  | Int+4}
 11429 | D:11     | Found a runed translucent gate.
 11429 | D:11     | Found a runed translucent gate.
 11429 | D:11     | Found a runed translucent gate.
 11431 | D:11     | Noticed waddelsworth's ghost (journeyman TrSh)
 11484 | D:11     | Found a roughly hewn altar of Beogh.
 11484 | D:11     | Found a staircase to the Orcish Mines.
 12190 | D:7      | Killed Stonecrops's ghost
 12459 | D:11     | Mangled by a freezing wraith

Illustrated notes

Levels and vault maps discovered:
D:1:      dpeg_arrival_rooms_a, layout_basic, hellmonk_ecumenical_altar_zigzags
D:2:      layout_basic, uniq_natasha, uniq_terence
D:3:      layout_basic, corexii_corridor_pit, minmay_snake_closets,
          uniq_crazy_yiuf_cottage, uniq_jessica
D:4:      layout_loops_corners, uniq_eustachio
D:5:      layout_rooms, lemuel_crystal_altar, uniq_duvessa
D:6:      layout_basic, grunt_temple_overflow_growth_and_decay,
          mainiacjoe_overflow_surrounded_room, minmay_misc_feat_cross,
          uniq_grinder
D:7:      layout_rooms, minmay_overflow_temple_hex, temple_hall,
          nzn_ghost_randoct, uniq_pikel, uniq_maurice
D:8:      layout_gridville, amethyst_overflow_temple_binary, enter_bailey_4,
          uniq_erica
D:9:      layout_roguey
D:10:     layout_basic, grunt_temple_overflow_diamond, erik_lair_island,
          uniq_erolcha, uniq_josephine, uniq_psyche, uniq_sonja
D:11:     layout_irregular_city, david_orc_5, gammafunk_ghost_spectres,
          minmay_the_grid_2x2 [minmay_the_grid_dragon_a, minmay_the_grid_tree,
          minmay_the_grid_dragon_b, minmay_the_grid_prize_big_room]

Skill      XL: |  1  2  3  4  5  6  7  8  9 10 11 12 |
---------------+-------------------------------------+-----
Axes           | 2 3 4 5 6 7 8 9 |  9.7
Shields        | 3 4 5 6 7 9 |  9.9
Invocations    | 1 2 3 4 6 7 8 9 |  9.4
Evocations     | 1 2 3 4 5 6 7 |  7.1
Armour         | 3 4 5 6 7 |  7.1
Dodging        | 1 2 3 4 5 6 |  6.4
Fighting       | 4 5 6 7 8 |  8.2

Action                     |  1- 3 |  4- 6 |  7- 9 | 10-12 || total
---------------------------+-------+-------+-------+-------++-------
  Melee: War axe           |    51 |       |    14 |   460 ||   525
         Whip              |    35 |   248 |   391 |   123 ||   797
  Evoke: Wand              |       |       |     2 |    10 ||    12
    Use: Potion            |       |       |     3 |     7 ||    10
         Scroll            |       |       |     8 |     6 ||    14
 Armour: Scale mail        |    30 |       |       |       ||    30
         Plate armour      |    72 |   274 |   361 |   620 ||  1327
         Skin              |       |       |       |    30 ||    30
  Dodge: Dodged            |    29 |    53 |    85 |   144 ||   311
  Block: Buckler           |    30 |    94 |    66 |       ||   190
         Kite shield       |       |       |   120 |   566 ||   686

Table legend: (Time is in decaauts)
 A = Elapsed time spent in this place.
 B = Non-inter-level travel time spent in this place.
 C = Inter-level travel time spent in this place.
 D = Time resting spent in this place.
 E = Time spent auto-exploring this place.
 F = Levels seen in this place.
 G = Mean time per level.
                   A        B        C        D        E       F      G
               +--------+--------+--------+--------+--------+-----+--------+
         Total |  12633 |  12076 |    557 |    763 |   8102 |  11 | 1148.5 |
       Dungeon |  12633 |  12076 |    557 |    763 |   8102 |  11 | 1148.5 |
               +--------+--------+--------+--------+--------+-----+--------+

Top non-repeatable levels by time:
    D:10: 1660 daAuts
     D:9: 1455 daAuts
     D:4: 1400 daAuts
    D:11: 1325 daAuts
     D:8: 1301 daAuts
     D:3: 1078 daAuts
     D:7: 1020 daAuts
     D:2: 990 daAuts
     D:6: 953 daAuts
     D:1: 877 daAuts
     D:5: 567 daAuts
